 Dungeon Crawl Stone Soup version 0.24-a0-335-g06ca16a (webtiles) character file.

Game seed: 5505651824675838985

1057 Lanoc the Slasher (level 8, -1/42 HPs)
             Began as a Vine Stalker Berserker on May 18, 2019.
             Was a Priest of Trog.
             Slain by a sky beast (2 damage)
             ... on level 5 of the Dungeon.
             The game lasted 00:06:38 (2467 turns).

Lanoc the Slasher (Vine Stalker Berserker)          Turns: 2467, Time: 00:06:39

Health: -1/42      AC:  2    Str: 21    XL:     8   Next: 26%
Magic:  0/9        EV: 14    Int:  7    God:    Trog [***...]
Gold:   289        SH:  0    Dex: 15    Spells: 7/7 levels left

rFire    . . .     SeeInvis .   p - +1 scimitar (holy)
rCold    . . .     Gourm    .   (no shield)
rNeg     + . .     Faith    .   b - +0 animal skin
rPois    .         Spirit   +   (no helmet)
rElec    .         Reflect  .   (no cloak)
rCorr    .         Harm     .   (no gloves)
MR       +....                  (no boots)
Stlth    ++........             (no amulet)
HPRegen  0.54/turn              f - ring of stealth
MPRegen  0.11/turn              g - ring of positive energy

@: about to teleport, berserk cooldown, slowed, very slow
A: fangs 3, regeneration 1, magic shield, antimagic bite, no potion heal 3, rot
immunity
a: Berserk, Trog's Hand, Renounce Religion


You were on level 5 of the Dungeon.
You worshipped Trog.
Trog was most pleased with you.
You were very hungry.

You visited 1 branch of the dungeon, and saw 5 of its levels.
You also visited: Sewer.

You collected 289 gold pieces.

Inventory:

Hand Weapons
 p - a +1 scimitar of holy wrath (weapon)
Armour
 b - a +0 animal skin (worn)
Jewellery
 f - a ring of stealth (left hand)
 g - a ring of positive energy (right hand)
Scrolls
 a - a scroll of identify {unknown}
 e - 2 scrolls of immolation
 h - a scroll of blinking {unknown}
 k - a scroll of magic mapping {unknown}
 l - 3 scrolls of teleportation
 n - a scroll of fog
Potions
 d - a potion of might {unknown}
 i - 5 potions of flight
 j - 3 potions of curing {unknown}
 m - 2 potions of heal wounds {unknown}
 o - a potion of magic {unknown}
 q - a potion of resistance {unknown}
Comestibles
 c - 7 rations


   Skills:
 + Level 4.6 Fighting
 * Level 6.0 Long Blades
 + Level 3.8 Armour
 + Level 3.8 Dodging


You had 7 spell levels left.
You didn't know any spells.
Your spell library was empty.

Dungeon Overview and Level Annotations

Branches:
Dungeon (5/15)
 Temple: D:4-7

Altars:
Elyvilon


Innate Abilities, Weirdness & Mutations

You have razor-sharp teeth.
Your natural rate of healing is unusually fast.
When hurt, damage is shared between your health and your magic reserves.
Your bite disrupts and absorbs the magic of your enemies.
Potions cannot restore your health.
You are immune to rotting.


Message History

Trog accepts your kill.
Your Long Blades skill increases to level 6!
You feel a strong urge to attack something.
You feel your anger nearly subside.
You are no longer berserk.
You are exhausted.
You feel yourself slow down.
The sky beast flickers out of sight!
Deactivating autopickup; reactivate with Ctrl-A.
Something hits you but does no damage.
You closely miss something. Your bite misses something.
Something hits you but does no damage.
You barely miss something. Something hits you. Something shocks you.
* * * LOW HITPOINT WARNING * * *
Something hits you.
* * * LOW HITPOINT WARNING * * *
Something shocks you.
* * * LOW HITPOINT WARNING * * *
Okay, then.
As you read the scroll of teleportation, it crumbles to dust.
You feel strangely unstable. Something hits you.
You die...

## #. ..# #. ... .. #.# #.
#.# #. #.# ##### #.
########.#######...######.
..............(...........
.........@................
#####...#..####...#.#####
####.........+...+.#
#.........####...#.#
#.........# #...#+#
............# #....
#########....# #.....
#.....# ##..... #.....#


There were no monsters in sight!

Vanquished Creatures
  Edmund (D:4)
  An ice beast (D:5)
  An ogre (D:3)
  2 big kobolds (Sewer)
  Blork the orc (D:4)
  A howler monkey (D:4)
  A crimson imp (D:4)
  A hound (D:4)
  A jelly (D:5)
  Jessica (D:3)
  4 worker ants
  2 orc wizards (D:4)
  A hound skeleton (D:4)
  4 gnolls (D:4)
  7 adders
  A howler monkey skeleton (D:4)
  5 river rats
  A white imp (D:4)
  2 adder skeletons (D:4)
  3 worms
  A dart slug (D:4)
  3 leopard geckos
  9 orcs
  4 giant cockroaches
  A goblin (D:1)
  A hobgoblin (D:3)
  13 kobolds
  A quokka (D:3)
  2 ball pythons
  3 bats (D:3)
  2 frilled lizards
  2 leopard gecko skeletons (D:4)
  7 rats
90 creatures vanquished.

Notes
Turn   | Place    | Note
-------+----------+-------------------------------------------
     0 | D:1      | Lanoc the Vine Stalker Berserker began the quest for the
                  | Orb.
     0 | D:1      | Reached XP level 1. HP: 11/11 MP: 2/2
   184 | D:3      | Noticed Jessica
   188 | D:3      | Killed Jessica
   188 | D:3      | Reached skill level 3 in Long Blades
   188 | D:3      | Reached XP level 2. HP: 16/16 MP: 3/3
   188 | D:3      | Reached XP level 3. HP: 19/19 MP: 4/4
   538 | D:3      | Noticed an ogre
   544 | D:3      | HP: 1/30 [ogre/+0 giant club (5)]
   546 | D:3      | Killed an ogre
   546 | D:3      | Reached ** piety under Trog
   546 | D:3      | Gained mutation: Your natural rate of healing is unusually
                  | fast. [Vine Stalker growth]
   546 | D:3      | Reached XP level 4. HP: 1/24 MP: 0/5
   546 | D:3      | Reached XP level 5. HP: 2/28 MP: 0/6
   965 | D:4      | Reached skill level 4 in Long Blades
  1146 | D:4      | Found a white marble altar of Elyvilon.
  1228 | D:4      | Reached XP level 6. HP: 26/32 MP: 3/7
  1241 | D:4      | Found a glowing drain.
  1281 | Sewer    | Entered a sewer
  1655 | Sewer    | Reached *** piety under Trog
  1660 | Sewer    | Reached XP level 7. HP: 37/37 MP: 8/8
  1747 | D:4      | Reached skill level 5 in Long Blades
  1860 | D:4      | Noticed Edmund
  1868 | D:4      | Killed Edmund
  2168 | D:4      | Noticed Blork the orc
  2176 | D:4      | Killed Blork the orc
  2176 | D:4      | Gained mutation: You have razor-sharp teeth. [Vine Stalker
                  | growth]
  2176 | D:4      | Reached XP level 8. HP: 37/42 MP: 9/9
  2348 | D:5      | Entered Level 5 of the Dungeon
  2458 | D:5      | Reached skill level 6 in Long Blades
  2466 | D:5      | HP: 1/42 [something (5)]
  2467 | D:5      | Slain by a sky beast

Levels and vault maps discovered:
D:1:      minmay_arrival_glassed_features, layout_basic
D:2:      kennysheep_the_goblin_king, layout_loops_ring, kennysheep_slug_shrine,
          chequers_ecumenical_altar_twisty, st_stairs_7
D:3:      layout_basic, uniq_jessica, uniq_ijyb
D:4:      minmay_chambers_of_twos, layout_loops_ring, kennysheep_little_box,
          gup_sewer_entry_bubbles, first_ration, minmay_fire_ice_demons,
          uniq_blork_the_orc, uniq_edmund
D:5:      kennysheep_steamy, layout_basic, grunt_ministairs_13, minmay_holes

Skill      XL: |  1  2  3  4  5  6  7  8 |
---------------+-------------------------+-----
Long Blades    | 3 4 5 6 |  6.0
Dodging        | 2 3 |  3.8
Fighting       | 3 4 |  4.6
Armour         | 2 3 |  3.8

Action                   |  1- 3 |  4- 6 |  7- 9 || total
-------------------------+-------+-------+-------++-------
Melee: Falchion          |    32 |   115 |    61 ||   208
       Bite              |     8 |    42 |    29 ||    79
       Scimitar          |       |       |    23 ||    23
Invok: Berserk           |     1 |     7 |     4 ||    12
  Use: Scroll            |       |     4 |     1 ||     5
       Potion            |       |     1 |       ||     1
 Stab: Sleeping          |     2 |     4 |     2 ||     8
       Distracted        |     1 |       |       ||     1
  Eat: Chunk             |       |    10 |     6 ||    16
Armor: Animal skin       |     2 |    15 |     9 ||    26
Dodge: Dodged            |    17 |    89 |    47 ||   153
       Rpst.: Falchion   |     4 |    29 |    13 ||    46
       Scimitar          |       |       |     1 ||     1

Table legend:
 A = Non-vault XP
 B = Vault XP
 C = Vault XP percentage of total XP
 D = Non-vault monster count
 E = Vault monster count
 F = Vault count percentage of total count
                 A         B        C        D         E       F
            +---------+---------+-------+---------+---------+-------
      Total |     723 |     787 |  52.1 |      52 |      38 |  42.2
            +---------+---------+-------+---------+---------+-------
        D:1 |       7 |       0 |   0.0 |       4 |       0 |   0.0
        D:3 |     158 |      37 |  19.0 |      23 |       1 |   4.2
        D:4 |     354 |     438 |  55.3 |      21 |      18 |  46.2
        D:5 |     204 |       0 |   0.0 |       4 |       0 |   0.0
      Sewer |       0 |     312 | 100.0 |       0 |      19 | 100.0
            +---------+---------+-------+---------+---------+-------
